[Event "XIV Figueira da Foz Open 2020"]
[Site "Figueira da Foz"]
[Date "2020.10.25"]
[Round "2.10"]
[White "Navarro Martinez, Victor"]
[Black "Martin Duque, Jesus"]
[Result "0-1"]
[ECO "B44"]
[WhiteElo "1732"]
[BlackElo "2426"]
[Annotator "RC"]
[PlyCount "53"]
[EventDate "2020.10.24"]
[EventType "swiss"]
[EventCountry "POR"]
[SourceTitle "playchess.com"]
[Source "ChessBase"]
[SourceQuality "1"]
[TimeControl "40/5400+30:1800+30"]

1. e4 c5 2. Nf3 Nc6 3. d4 cxd4 4. Nxd4 e6 5. c4 Nf6 6. Nc3 Bb4 7. Nxc6 bxc6 8. e5 Ne4 9. Qd4 Qa5 10. Bd2 Nxd2 11. Kxd2 O-O 12. Bd3 f6 13. Qh4 f5 14. Rhe1 Rb8 15. Bc2 d6 16. f4 dxe5 17. Rxe5 Qd8+ 18. Qxd8 Rxd8+ 19. Ke3 Bd6 20. Rd1 Rxb2 21. Ba4 Bc7 22. Rxd8+ Bxd8 23. Nd1 Rxg2 24. Bxc6 Rxa2 25. Nf2 Bc7 26. Rb5 Ba6 27. Kd4 0-1

[Event "XIV Figueira da Foz Open 2020"]
[Site "Figueira da Foz"]
[Date "2020.10.25"]
[Round "2.19"]
[White "Soares, Sara Joana De Moura "]
[Black "Santos, Luis Manuel Freire R"]
[Result "1-0"]
[ECO "D37"]
[WhiteElo "1654"]
[BlackElo "1891"]
[Annotator "NA RC"]
[PlyCount "71"]
[EventDate "2020.10.24"]
[EventType "swiss"]
[EventCountry "POR"]
[SourceTitle "playchess.com"]
[Source "ChessBase"]
[SourceQuality "1"]
[TimeControl "40/5400+30:1800+30"]

1. d4 d5 2. c4 e6 3. Nc3 Nf6 4. Nf3 g6 5. Bf4 c6 6. e3 {[%emt 0:06:18] D37: Queen's Gambit Declined: 5 Bf4.} Bg7 7. h3 O-O 8. Bd3 b6 9. O-O Bb7 10. Rc1 Na6 11. a3 c5 12. Qe2 {[%emt 0:00:58] [#]} Re8 $146 ({Predecessor:} 12... dxc4 13. Bxc4 cxd4 14. Bxa6 Bxa6 15. Qxa6 dxc3 16. Rxc3 Nd5 17. Rd3 Qe7 18. Bg3 Bxb2 {½-½ (61) Plasil,P (2000)-Pelowski,Z (1646) Tatranske Zruby 2012}) 13. cxd5 cxd4 14. Nb5 Bf8 $18 (14... Nxd5 $11 15. Bg3 e5 16. exd4 e4 17. Bxe4 Nf6) 15. dxe6 Rxe6 16. Nbxd4 Re8 17. Bxa6 Bxa6 18. Qxa6 Ne4 19. b4 Bg7 20. Rfd1 Qf6 21. Nb5 Rad8 22. Rxd8 Rxd8 23. Be5 Qe7 24. Bxg7 Kxg7 25. Nbd4 Ng5 26. Nxg5 Qxg5 27. Rc7 Qh5 28. Qd3 Ra8 29. Qb3 Rf8 30. Ne6+ Kg8 31. Nxf8 Qf5 32. Nd7 a6 33. Nxb6 Kg7 34. Qc2 Qe5 35. Qc3 Qxc3 36. Rxc3 1-0

[Event "XIV Figueira da Foz Open 2020"]
[Site "Figueira da Foz"]
[Date "2020.10.25"]
[Round "3.18"]
[White "Marcal, Armando Paulo Gomes"]
[Black "Fernandes, Rui Miguel"]
[Result "1/2-1/2"]
[ECO "B12"]
[WhiteElo "1652"]
[BlackElo "1027"]
[Annotator "NA RC"]
[PlyCount "88"]
[EventDate "2020.10.24"]
[EventType "swiss"]
[EventCountry "POR"]
[SourceTitle "playchess.com"]
[Source "ChessBase"]
[SourceQuality "1"]
[TimeControl "40/5400+30:1800+30"]

1. e4 c6 2. d4 d5 3. e5 Bf5 4. g4 Bg6 5. h4 h5 6. g5 e6 7. Nd2 c5 8. c3 cxd4 9. cxd4 Bb4 10. Bb5+ Nc6 11. Qa4 Bxd2+ 12. Bxd2 Nge7 13. Ne2 O-O 14. Rc1 Qb6 15. Bxc6 Nxc6 16. Rh3 Qxb2 17. Kd1 Qb6 18. Rb3 Qc7 19. Bb4 Rfc8 20. Bd6 Qa5 21. Qxa5 Nxa5 22. Rxc8+ Rxc8 23. Rc3 Nc4 24. Ke1 b5 25. a3 f5 26. Bc5 a5 27. Nf4 Bf7 28. g6 Be8 29. Nxe6 Bxg6 30. Nf4 Bf7 31. e6 Re8 32. e7 Nb2 33. Bd6 Nc4 34. Bc5 Rc8 35. Nd3 Be8 36. Ke2 Rc6 37. Nf4 Nb2 38. Nxd5 Na4 39. Rc1 Nxc5 40. Rxc5 Rxc5 41. dxc5 Kf7 42. Kd3 Bc6 43. Nc7 Kxe7 44. Kd4 Kf6 1/2-1/2

[Event "XIV Figueira da Foz Open 2020"]
[Site "Figueira da Foz"]
[Date "2020.10.26"]
[Round "4.15"]
[White "Silva, Mariana Sofia T."]
[Black "Santos, Luis Manuel Freire R"]
[Result "1-0"]
[ECO "C55"]
[WhiteElo "1885"]
[BlackElo "1891"]
[Annotator "NA RC"]
[PlyCount "87"]
[EventDate "2020.10.24"]
[EventType "swiss"]
[EventCountry "POR"]
[SourceTitle "playchess.com"]
[Source "ChessBase"]
[SourceQuality "1"]
[TimeControl "40/5400+30:1800+30"]

1. e4 e5 2. Nf3 Nc6 3. Bc4 Nf6 4. d3 d6 5. O-O Bg4 6. h3 Bh5 7. c3 Be7 8. Re1 O-O 9. Nbd2 d5 10. exd5 Nxd5 11. Ne4 {[%emt 0:01:07] C55: Two Knights: 4 d3, 4 d4 exd4 5 e5 and Max Lange Attack.} Nb6 12. Bb3 Bf6 {[%emt 0:01:06] [#]} 13. Nxf6+ $146 Qxf6 14. Re3 ({White should try} 14. g4 $14 Bg6 15. Qe2 (15. h4 h5 16. Ng5 hxg4 17. Qxg4 Bxd3 18. Re3 Qf5 19. Qg3 {0-1 (49) Andersen,H (1683)-Ingvaldsen,J (1691) Sarpsborg 2001})) 14... Rad8 15. Qe1 Nd5 16. Bxd5 $1 Rxd5 17. Nd2 Bg6 18. Ne4 (18. b4 $1 $15) 18... Bxe4 19. dxe4 Rd7 20. Rg3 h6 21. Be3 Rfd8 22. Qe2 Ne7 23. Qg4 b6 24. Rf1 Ng6 25. Rf3 Qh4 26. Qf5 Qe7 27. Rg3 Rd6 28. Qf3 Rf6 29. Qg4 Qd6 30. h4 Qf8 31. h5 Nf4 32. Kh2 Rd3 33. Qh4 g5 (33... Qd8 $15 {stays ahead.}) 34. hxg6 $1 {[%emt 0:00:21] Discovered Attack} fxg6 35. Bxf4 $1 {[%emt 0:00:36] Discovered Attack} Rxg3 36. Bxg3 g5 37. Qg4 Qf7 38. Rd1 h5 39. Qxg5+ $18 (39. Qc8+ $142 Kg7 {[#]} 40. Rd7 $1 {[%mdl 576] Double Attack} Re6 41. Qxc7 Qxd7 42. Qxd7+ Kf6 43. f4 exf4 44. Bf2 Rxe4 45. Bd4+ Rxd4 46. cxd4) 39... Qg7 40. Qxg7+ Kxg7 41. Bxe5 {[%emt 0:00:17] Double Attack} Kg6 42. Bxf6 Kxf6 43. f4 Ke6 44. Kg3 1-0

[Event "XIV Figueira da Foz Open 2020"]
[Site "Figueira da Foz"]
[Date "2020.10.26"]
[Round "4.18"]
[White "Silva, Jose Lucas Ferreira"]
[Black "Marcal, Armando Paulo Gomes"]
[Result "1-0"]
[ECO "C03"]
[WhiteElo "1336"]
[BlackElo "1652"]
[Annotator "NA RC"]
[PlyCount "84"]
[EventDate "2020.10.24"]
[EventType "swiss"]
[EventCountry "POR"]
[SourceTitle "playchess.com"]
[Source "ChessBase"]
[SourceQuality "1"]
[TimeControl "40/5400+30:1800+30"]

1. e4 e6 2. d4 d5 3. Nd2 b6 4. c3 Nf6 5. e5 Nfd7 6. Nh3 c5 7. Nf3 Be7 8. Bd3 Nf8 9. Nf4 Ng6 10. g3 Qd7 11. Nh5 Bf8 12. Bh6 Rg8 13. Be3 Nc6 14. Ng5 cxd4 15. cxd4 Rh8 16. a3 Bb7 17. Rc1 h6 18. Nf3 O-O-O 19. Qa4 Kb8 20. Bb5 Nge7 21. O-O a6 22. Bxc6 Nxc6 23. Qb3 Ka7 24. Nd2 a5 25. Nf4 Ne7 26. Rc3 Rc8 27. Rfc1 Rxc3 28. Qxc3 Kb8 29. Nd3 Nc6 30. b4 axb4 31. Nxb4 Bxb4 32. axb4 Rc8 33. Qb2 Na7 34. Rxc8+ Nxc8 35. Nb1 b5 36. Qc2 h5 37. Qc5 g6 38. h4 Bc6 39. Nd2 Ne7 40. Bg5 Nc8 41. Nb3 Bb7 42. Na5 Nb6 1-0

[Event "XIV Figueira da Foz Open 2020"]
[Site "Figueira da Foz"]
[Date "2020.10.28"]
[Round "6.8"]
[White "Dias, Paulo"]
[Black "Silva, Pedro Gil Ferreira D"]
[Result "1-0"]
[ECO "D25"]
[WhiteElo "2338"]
[BlackElo "2034"]
[Annotator "RC"]
[PlyCount "83"]
[EventDate "2020.10.24"]
[EventType "swiss"]
[EventCountry "POR"]
[SourceTitle "playchess.com"]
[Source "ChessBase"]
[SourceQuality "1"]
[TimeControl "40/5400+30:1800+30"]

1. d4 d5 2. c4 dxc4 3. Nf3 Nf6 4. e3 b5 5. a4 b4 6. Bxc4 e6 7. O-O Be7 8. Nbd2 Bb7 9. Qe2 O-O 10. e4 c5 11. dxc5 Nbd7 12. e5 Nd5 13. Ne4 Nxc5 14. Nxc5 Bxc5 15. Ng5 Be7 16. Qg4 Rc8 17. Bd3 Rxc1 18. Bxh7+ Kh8 19. Nxf7+ Rxf7 20. Bg6 Rxf1+ 21. Rxf1 Rf5 22. Qh3+ Bh4 23. Bxf5 exf5 24. g3 Kg8 25. Qxh4 Qxh4 26. gxh4 f4 27. f3 Kf7 28. Kf2 g6 29. Rg1 Bc8 30. Ke2 Bd7 31. a5 Bf5 32. Rc1 b3 33. Rc6 a6 34. Kd2 Nb4 35. Rb6 Nc2 36. Rxa6 Nd4 37. Rf6+ Ke7 38. a6 Nxf3+ 39. Kc3 Be4 40. Rxf4 Ba8 41. Rb4 Nxe5 42. Rb8 1-0

[Event "XIV Figueira da Foz Open 2020"]
[Site "Figueira da Foz"]
[Date "2020.10.28"]
[Round "6.16"]
[White "Silva, Jose Lucas Ferreira"]
[Black "Morais, Mario Martins Freita"]
[Result "0-1"]
[ECO "B06"]
[WhiteElo "1336"]
[BlackElo "1808"]
[Annotator "NA RC"]
[PlyCount "114"]
[EventDate "2020.10.24"]
[EventType "swiss"]
[EventCountry "POR"]
[SourceTitle "playchess.com"]
[Source "ChessBase"]
[SourceQuality "1"]
[TimeControl "40/5400+30:1800+30"]

1. e4 g6 2. Nc3 Bg7 3. Bc4 d6 4. f4 Nf6 5. Nf3 O-O 6. h3 Nxe4 7. Nxe4 d5 {[%emt 0:00:04] Double Attack} 8. Bd3 dxe4 9. Bxe4 Nd7 10. c3 Nc5 11. Bc2 Nd3+ 12. Bxd3 Qxd3 13. Qe2 Bf5 14. Qxd3 Bxd3 15. Kf2 c5 16. Re1 Bf6 17. Ne5 Rfd8 18. Re3 Ba6 19. b3 e6 20. Ke1 Rac8 21. c4 Rd4 22. g3 Rcd8 23. Ke2 b6 24. d3 Bb7 25. Bb2 R4d6 26. Rb1 Bg7 27. Bc3 Bg2 28. h4 h5 29. Rd1 Bh3 30. Rd2 Bf5 31. Bb2 a6 32. a4 f6 33. Nf3 Bg4 34. Kf2 Kf7 35. a5 b5 36. Ba3 b4 37. Bb2 Bh6 38. Ba1 {[%emt 0:14:50] [#]} (38. d4 {might work better.}) 38... R8d7 ({Better is} 38... e5 $1 $19 39. Rd1 (39. fxe5 R6d7) 39... Kg8) 39. d4 Bxf3 (39... Bf8 $142 40. Ke1 cxd4 41. Rxd4 Rxd4 42. Nxd4 Bd6) 40. Rxf3 cxd4 41. Rd1 (41. Ke2 $17) 41... Ke7 42. Rfd3 e5 43. Bb2 Ke6 44. Kf3 Kf5 45. Kg2 Rd8 46. Kh3 Bf8 47. fxe5 (47. Kg2 $142) 47... fxe5 48. Rf1+ Ke4 49. Rff3 $2 (49. Rdd1) 49... Bh6 50. g4 Be3 51. Rfxe3+ dxe3 52. Rxd6 Rxd6 53. Kg2 Rd2+ 54. Kf1 Rxb2 55. c5 Kf3 56. Kg1 e2 57. gxh5 e1=Q# 0-1

[Event "XIV Figueira da Foz Open 2020"]
[Site "Figueira da Foz"]
[Date "2020.10.28"]
[Round "6.18"]
[White "Marcal, Armando Paulo Gomes"]
[Black "Dias, Jose Oliveira Gaspar"]
[Result "1-0"]
[ECO "E90"]
[WhiteElo "1652"]
[BlackElo "1589"]
[Annotator "NA RC"]
[PlyCount "117"]
[EventDate "2020.10.24"]
[EventType "swiss"]
[EventCountry "POR"]
[SourceTitle "playchess.com"]
[Source "ChessBase"]
[SourceQuality "1"]
[TimeControl "40/5400+30:1800+30"]

1. e4 g6 2. Nf3 Bg7 3. d4 d6 4. c4 Nf6 5. Nc3 O-O 6. Bd3 Nbd7 7. O-O h6 8. Bd2 e5 9. d5 a6 10. Ne1 Rb8 11. f3 Nc5 12. Bc2 b5 13. b4 Ncd7 14. cxb5 axb5 15. Be3 Nb6 16. Bd3 Nc4 17. Bc1 Bd7 18. Qe2 c6 19. dxc6 Bxc6 20. a4 d5 21. axb5 Qb6+ 22. Kh1 Bxb5 23. Nxb5 Qxb5 24. exd5 Rfc8 25. Nc2 Nxd5 26. Ra5 Qd7 27. Bxc4 Nb6 28. Bb3 Rc3 29. Na1 Rbc8 30. Rc5 R3xc5 31. bxc5 Rxc5 32. Be3 Qb5 33. Qf2 Rc6 34. Kg1 Nd5 35. Qa2 Nxe3 36. Bxf7+ Kh7 37. Rb1 Qc5 38. Nb3 Qe7 39. Bg8+ Kxg8 40. Qa8+ Kh7 41. Qxc6 Qg5 42. Rb2 h5 43. Qe4 h4 44. h3 Bf6 45. Nc5 Nf5 46. Rb7+ Kh6 47. Nd3 Nd6 48. Nf2 Nxe4 49. Ng4+ Kh5 50. Rh7+ Qh6 51. Rxh6+ Kg5 52. fxe4 Bd8 53. Rh8 Bb6+ 54. Kf1 Bd4 55. Ke2 Kf4 56. Ne3 Bxe3 57. Rxh4+ Kg5 58. Rg4+ Kh5 59. Kxe3 1-0

[Event "XIV Figueira da Foz Open 2020"]
[Site "Figueira da Foz"]
[Date "2020.10.29"]
[Round "7.19"]
[White "Santos, Luis Manuel Freire R"]
[Black "Fernandes, Rui Miguel"]
[Result "1-0"]
[ECO "A46"]
[WhiteElo "1891"]
[BlackElo "1027"]
[Annotator "NA RC"]
[PlyCount "73"]
[EventDate "2020.10.24"]
[EventType "swiss"]
[EventCountry "POR"]
[SourceTitle "playchess.com"]
[Source "ChessBase"]
[SourceQuality "1"]
[TimeControl "40/5400+30:1800+30"]

1. d4 Nf6 2. Nf3 e6 3. c4 Nc6 4. e3 Bb4+ 5. Nc3 Bxc3+ 6. bxc3 {[%emt 0:01:27] E40: Nimzo-Indian: Rubinstein (4 e3): Unusual Black 4th moves.} O-O 7. Bd3 Re8 8. O-O b6 9. e4 e5 ({Black should play} 9... d6 $14) 10. d5 {[%emt 0:04:29] [#]} (10. dxe5 $16 Nxe5 11. Nxe5 Rxe5 12. f4) 10... Na5 $146 ({Predecessor:} 10... Nb8 11. Ba3 d6 12. Qc2 Na6 13. Bc1 Nd7 14. Be3 Nac5 15. Nd2 a5 16. Nb3 Nxd3 17. Qxd3 {0-1 (44) De Mello,J (1638)-Fonseca,L (1972) Porto Alegre 2016}) 11. Nh4 Nxe4 12. Qg4 Nf6 13. Qg3 e4 (13... d6 $17 14. Nf5 Bxf5 15. Bxf5 Nxc4) 14. Nf5 {[%emt 0:04:43] [#]} Nh5 $1 15. Qg4 {[%emt 0:03:28] [#]} d6 ({Black should play} 15... g6 $1 $17 16. Nh6+ (16. Bxe4 $2 Nf6 $19 {[%mdl 64] Double Attack}) 16... Kg7 17. Nf5+ (17. Bxe4 $2 Nf6 $19 {[%mdl 64] Double Attack}) 17... Kg8) 16. Bxe4 Bxf5 17. Bxf5 g6 ({Black should play} 17... Nf6 $11 18. Qh4 h6) 18. Bd7 $2 (18. Bg5 $11 {and White stays safe.} f6 19. Be6+ Kh8 20. Bh6) 18... Nf6 $1 {[%emt 0:01:44] Double Attack} 19. Bg5 Nxg4 20. Bxd8 Rexd8 21. Bxg4 Nxc4 22. Rfe1 Re8 23. Be2 Ne5 24. f4 Nd7 25. Bb5 Rxe1+ 26. Rxe1 Nf6 27. Re7 (27. Kf2 $17) 27... c5 $2 (27... Nxd5 $19 28. Rd7 Nxc3) 28. dxc6 Nd5 $2 (28... a6 $1 $11 {and Black is okay.} 29. Ba4 Rc8) 29. Rb7 $18 (29. Rd7 $142) 29... Nxc3 30. c7 Rc8 31. Rb8 Nxb5 32. Rxc8+ Kg7 33. a4 Nxc7 34. Rxc7 a5 35. Rb7 Kf6 36. Rxb6 Ke6 37. Rb5 1-0

[Event "XIV Figueira da Foz Open 2020"]
[Site "Figueira da Foz"]
[Date "2020.10.30"]
[Round "8.14"]
[White "Soares, Sara Joana De Moura "]
[Black "Silva, Mariana Sofia T."]
[Result "0-1"]
[ECO "B38"]
[WhiteElo "1654"]
[BlackElo "1885"]
[Annotator "NA RC"]
[PlyCount "100"]
[EventDate "2020.10.24"]
[EventType "swiss"]
[EventCountry "POR"]
[SourceTitle "playchess.com"]
[Source "ChessBase"]
[SourceQuality "1"]
[TimeControl "40/5400+30:1800+30"]

1. e4 c5 2. Nf3 g6 3. d4 cxd4 4. Nxd4 Nc6 5. c4 Bg7 6. Be3 Nf6 7. Be2 {[%emt 0:00:22] B38: Sicilian: Maroczy Bind with 5...Bg7 and 7...0-0.} (7. Nc3 $14 {keeps the upper hand.}) 7... Nxe4 8. Bf3 (8. O-O $142) 8... Qa5+ {[%emt 0:04:03] [#]} 9. Kf1 $146 ({Predecessor:} 9. Ke2 Qe5 10. Nc3 Nxd4+ 11. Qxd4 Nxc3+ 12. bxc3 O-O 13. Qxe5 Bxe5 14. Rab1 Rb8 15. Bxa7 {½-½ (48) Abdel Kader,E (1816)-Zayan,O (2233) Cairo 2016}) 9... Nf6 10. Nc3 O-O 11. g3 {[%emt 0:06:54] [#]} (11. Kg1 $17) 11... Ne5 $1 12. Qb3 (12. Be2 $17 {was worth a try.}) 12... Nxf3 13. Nxf3 Qh5 14. Nd4 (14. Kg2 {was called for.}) 14... b6 15. h4 Bb7 16. Rg1 Ng4 17. Nd5 Nxe3+ 18. fxe3 e6 19. Nf4 Qe5 20. Rd1 Rfd8 21. g4 Qe4 22. Nb5 d5 23. cxd5 Bxd5 24. Nxd5 Rxd5 25. Rxd5 exd5 26. Kf2 Rc8 (26... Qe7 $142 27. g5 Qe4) 27. Nc3 $2 (27. Nd6 {only move.} Qc2+ 28. Qxc2 Rxc2+ 29. Kf3) 27... Bxc3 28. bxc3 Re8 29. Rg3 Qd3 30. Qa4 Qd2+ 31. Kf1 Rxe3 32. Rxe3 Qxe3 33. Qxa7 Qh3+ 34. Ke1 Qxc3+ 35. Ke2 Qc4+ 36. Ke3 (36. Kf3 $142 Qe4+ 37. Kg3) 36... Qc3+ $2 (36... Qxg4 $19 37. Qb8+ Kg7) 37. Ke2 $1 Qe5+ 38. Kd3 Qd6 39. g5 Kg7 40. Kc2 Qc5+ 41. Kd2 (41. Kb1 $142 Qb4+ 42. Kc2) 41... d4 42. Qd7 Qc3+ 43. Ke2 Qe3+ 44. Kd1 d3 45. Qc6 Qe2+ {[%emt 0:00:44] Double Attack} 46. Kc1 d2+ 47. Kb2 d1=Q+ 48. Ka3 Qdd3+ 49. Kb4 Qg4+ {[%emt 0:00:34] Double Attack} 50. Qe4 Qgxe4# 0-1

[Event "XIV Figueira da Foz Open 2020"]
[Site "Figueira da Foz"]
[Date "2020.10.30"]
[Round "8.16"]
[White "Silva, Jose Lucas Ferreira"]
[Black "Santos, Luis Manuel Freire R"]
[Result "0-1"]
[ECO "C50"]
[WhiteElo "1336"]
[BlackElo "1891"]
[Annotator "NA RC"]
[PlyCount "48"]
[EventDate "2020.10.24"]
[EventType "swiss"]
[EventCountry "POR"]
[SourceTitle "playchess.com"]
[Source "ChessBase"]
[SourceQuality "1"]
[TimeControl "40/5400+30:1800+30"]

1. e4 e5 2. Nf3 Nc6 3. d4 exd4 4. Bc4 Be7 5. Nxd4 Nxd4 6. Qxd4 Nf6 7. Nc3 d6 8. O-O c5 (8... O-O $14) 9. Qd3 O-O 10. Nd5 {[%emt 0:01:56] [#]} Be6 $146 {[%emt 0:04:31] C47: Scotch Four Knights and Four Knights with 4 g3.} ({Predecessor:} 10... Nxd5 11. Bxd5 Qc7 12. Bf4 Be6 13. Rad1 Rad8 14. Rd2 a6 15. Rfd1 b5 16. Bxe6 fxe6 17. Bxd6 Rxd6 18. Qg3 Rxd2 19. Rxd2 Qxg3 20. hxg3 {0-1 (59) Monsalve,A (2097)-Ruiz,M (2060) Bogota 2008}) 11. Rd1 Nxd5 12. Bxd5 Qd7 13. Bf4 Rfd8 14. Qg3 g6 15. Qc3 Bf8 16. Bg5 Bg7 17. Bf6 Bxf6 18. Qxf6 Re8 19. e5 ({White should play} 19. f3 $14) 19... dxe5 20. Qxe5 $2 (20. Bxe6 $15 Qxe6 21. Qxe6 Rxe6 22. Rd7) 20... Bg4 $1 {[%emt 0:00:44] Discovered Attack} 21. Qc3 Bxd1 22. Rxd1 Qe7 23. Qf3 {[%emt 0:01:53] [#]} Qe1+ $1 {[%emt 0:02:05] Back Rank} 24. Rxe1 Rxe1# 0-1

[Event "XIV Figueira da Foz Open 2020"]
[Site "Figueira da Foz"]
[Date "2020.10.30"]
[Round "8.18"]
[White "Dias, Jose Oliveira Gaspar"]
[Black "Movsisyan, Tigran"]
[Result "0-1"]
[ECO "A11"]
[WhiteElo "1589"]
[BlackElo "1730"]
[Annotator "NA RC"]
[PlyCount "106"]
[EventDate "2020.10.24"]
[EventType "swiss"]
[EventCountry "POR"]
[SourceTitle "playchess.com"]
[Source "ChessBase"]
[SourceQuality "1"]
[TimeControl "40/5400+30:1800+30"]

1. c4 c6 2. Nf3 d5 3. g3 dxc4 4. a4 Nf6 5. Bg2 Bf5 6. Nc3 e6 7. Ne5 Bc5 8. Nxc4 O-O 9. O-O Na6 10. d3 Nb4 11. a5 Bg6 12. Ne5 Nbd5 13. a6 Qc7 14. axb7 Rab8 15. d4 Bb6 16. Qa4 Qxb7 17. Nxc6 Rbc8 18. Ne5 Bh5 19. Re1 Qe7 20. Bd2 Nb4 21. e3 Ng4 22. Nc6 Nxc6 23. Bxc6 e5 24. Bd7 Rcd8 25. Bc6 exd4 26. exd4 Qf6 27. Ne4 Qf5 28. Be3 h6 29. Qb5 Qxb5 30. Bxb5 Bxd4 31. Bxd4 Rxd4 32. Rxa7 Ne5 33. Re3 Rd1+ 34. Kg2 f6 35. Nc3 Rd2 36. b3 Rfd8 37. Ne4 Rc2 38. h3 Bf7 39. Ba4 Bd5 40. g4 Bxe4+ 41. Rxe4 Rdd2 42. Rf4 Nd3 43. Rf5 Nxf2 44. Rd7 Nd3+ 45. Kg3 Rg2+ 46. Kh4 Ne5 47. Rxe5 fxe5 48. Kh5 Rcd2 49. Re7 Rg3 50. Kg6 Rd6+ 51. Kf5 Re3 52. g5 g6+ 53. Kg4 Rd4# 0-1

[Event "XIV Figueira da Foz Open 2020"]
[Site "Figueira da Foz"]
[Date "2020.10.31"]
[Round "9.16"]
[White "Movsisyan, Tigran"]
[Black "Silva, Jose Lucas Ferreira"]
[Result "0-1"]
[ECO "B24"]
[WhiteElo "1730"]
[BlackElo "1336"]
[Annotator "NA RC"]
[PlyCount "68"]
[EventDate "2020.10.24"]
[EventType "swiss"]
[EventCountry "POR"]
[SourceTitle "playchess.com"]
[Source "ChessBase"]
[SourceQuality "1"]
[TimeControl "40/5400+30:1800+30"]

1. e4 c5 2. Nc3 Nc6 3. Bb5 g6 4. Bxc6 bxc6 5. f4 d5 6. d3 Bg7 7. Bd2 Nf6 8. e5 Ng8 9. Nf3 d4 10. Na4 Qd5 11. b3 f6 12. O-O fxe5 13. fxe5 e6 14. Nb2 Ne7 15. Nc4 O-O 16. Qe2 Ba6 17. Rab1 Bxc4 18. bxc4 Qd7 19. Rb3 Rab8 20. Rfb1 Qc7 21. Qe1 Rxb3 22. Rxb3 Rb8 23. Ba5 Qc8 24. Ng5 Rxb3 25. axb3 h6 26. Ne4 Nf5 27. Nxc5 Ne3 28. Qg3 Qf8 29. h3 Qxc5 30. b4 Qxe5 31. Qxg6 Qf5 32. Qe8+ Kh7 33. Qxc6 Qf1+ 34. Kh2 Be5+ 0-1